 Dungeon Crawl Stone Soup version 0.20.1-1-g8b1a95d (webtiles) character file.

242 HuneSparrow the Skirmisher (level 5, -10/42 HPs)
             Began as a Demonspawn Fighter on July 16, 2017.
             Mangled by an ogre
             ... wielding a +0 giant club
              (18 damage)
             ... on level 5 of the Dungeon.
             The game lasted 00:08:38 (2226 turns).

HuneSparrow the Skirmisher (Demonspawn Fighter)     Turns: 2226, Time: 00:08:39

Health: -10/42     AC: 10    Str: 17    XL:     5   Next: 82%
Magic:  5/5        EV:  7    Int: 10    God:
Gold:   159        SH:  9    Dex: 12    Spells: 4/4 levels left

rFire    . . .     SeeInvis .   a - +0 long sword
rCold    + . .     Gourm    .   c - +0 shield
rNeg     . . .     Faith    .   b - +0 scale mail
rPois    .         Spirit   .   (helmet restricted)
rElec    .         Reflect  .   k - +0 cloak
rCorr    +         Harm     .   m - +0 pair of gloves (curse)
MR       .....                  u - +0 pair of boots
Stlth    +.........             (no amulet)
Regen    0.2/turn               r - ring of protection from cold
MPRegen  0.1/turn               A - ring of resist corrosion

@: no status effects
A: antennae 1, claws 1, nightstalker 1
a: no special abilities


You were on level 5 of the Dungeon.
You were not hungry.

You visited 1 branch of the dungeon, and saw 6 of its levels.

You collected 159 gold pieces.

Inventory:

Hand Weapons
 a - a +0 long sword (weapon)
Missiles
 y - 2 throwing nets (quivered)
Armour
 b - a +0 scale mail (worn)
 c - a +0 shield (worn)
 k - a +0 cloak (worn)
 m - a cursed +0 pair of gloves (worn)
 u - a +0 pair of boots (worn)
Jewellery
 r - a ring of protection from cold (left hand)
 A - a ring of resist corrosion (right hand)
Wands
 w - a wand of lightning (7/15)
Scrolls
 e - 3 scrolls of fear {unknown}
 g - 2 scrolls of enchant armour {unknown}
 h - 3 scrolls of identify {unknown}
 j - 2 scrolls of blinking {unknown}
 n - a scroll of magic mapping {unknown}
 o - 4 scrolls of amnesia {unknown}
 q - 2 scrolls of teleportation {unknown}
 t - a scroll of recharging {unknown}
 x - a scroll of immolation {unknown}
 z - a scroll of remove curse {unknown}
Potions
 d - a potion of might
 l - a potion of magic {unknown}
 s - a potion of heal wounds {unknown}
Comestibles
 f - a bread ration
 i - 2 chunks of flesh
 p - a meat ration
 v - 5 fruits


   Skills:
 + Level 4.1 Fighting
 * Level 3.5 Long Blades
 + Level 3.7 Armour
 + Level 3.4 Shields


You had 4 spell levels left.
You didn't know any spells.

Dungeon Overview and Level Annotations

Branches:
Dungeon (6/15)
 Temple: D:4-7

Altars:
Fedhas
Zin


Innate Abilities, Weirdness & Mutations

You have a pair of small antennae on your head.
You have sharp fingernails.
You are slightly more attuned to the shadows.


Message History

Some of the chunks of flesh in your inventory have rotted away.
Found a stone staircase leading up.
There is a stone staircase leading up here.
You block the ogre's attack.
You climb upwards.
Found a chain mail.
There is a stone staircase leading down here.
You barely miss the ogre. The ogre hits you with a giant club!!
Ouch! That really hurt!
You hit the ogre.
The ogre is lightly wounded.
The ogre hits you with a giant club!
* * * LOW HITPOINT WARNING * * *
You slash the ogre!
The ogre is moderately wounded.
You block the ogre's attack.
You hit the ogre.
The ogre is heavily wounded.
The ogre hits you with a giant club!!
You die...

# ..####
......
[.....
......##
.....O@#
.##....#
####..
#...
##...
.### ..


You could see an ogre.

Vanquished Creatures
  A scorpion (D:4)
  An orc priest (D:3)
  Natasha (twice) (D:3)
  A worker ant (D:3)
  2 adders
  An ooze (D:3)
  An adder skeleton (D:6)
  A dart slug (D:1)
  A leopard gecko (D:6)
  4 orcs (D:3)
  13 bats
  4 giant cockroaches
  8 hobgoblins
  3 jackals (D:3)
  2 quokkas (D:3)
  2 ball pythons
  A frilled lizard (D:1)
  5 goblins
  3 kobolds
  6 rats
62 creatures vanquished.

Notes
Turn   | Place    | Note
-------+----------+-------------------------------------------
     0 | D:1      | HuneSparrow the Demonspawn Fighter began the quest for the Orb.
     0 | D:1      | Reached XP level 1. HP: 18/18 MP: 1/1
   446 | D:1      | Gained mutation: You have a pair of small antennae on your head. [demonic ancestry]
   446 | D:1      | Reached XP level 2. HP: 24/24 MP: 2/2
   662 | D:2      | Found a glowing silver altar of Zin.
   938 | D:2      | Gained mutation: You are slightly more attuned to the shadows. [demonic ancestry]
   938 | D:2      | Reached XP level 3. HP: 29/29 MP: 3/3
  1488 | D:3      | Reached XP level 4. HP: 25/36 MP: 4/4
  1833 | D:3      | Noticed Natasha
  1854 | D:3      | Killed Natasha
  1854 | D:3      | Gained mutation: You have sharp fingernails. [demonic ancestry]
  1854 | D:3      | Reached XP level 5. HP: 33/42 MP: 5/5
  1978 | D:3      | Noticed Natasha
  1986 | D:3      | Killed Natasha
  1986 | D:3      | Reached skill level 4 in Fighting
  2091 | D:3      | Found a blossoming altar of Fedhas.
  2187 | D:3      | You fall through a shaft for 3 floors!
  2192 | D:6      | Noticed an ogre
  2222 | D:5      | Entered Level 5 of the Dungeon
  2226 | D:5      | Mangled by an ogre

Skill      XL: |  1  2  3  4  5 |
---------------+----------------+-----
Long Blades    | 2 3 |  3.5
Armour         | 3 |  3.7
Shields        | 3 |  3.4
Fighting       | 4 |  4.1

Action                   |  1- 3 |  4- 6 || total
-------------------------+-------+-------++-------
Melee: Long sword        |   124 |   117 ||   241
Throw: Throwing net      |       |     2 ||     2
  Eat: Chunk             |     2 |     3 ||     5
Armor: Scale mail        |    68 |    64 ||   132
Dodge: Dodged            |    43 |    36 ||    79
Block: Shield            |    63 |    76 ||   139
       Rpst.: Long sword |    12 |    11 ||    23
